Map: Twilight Fortress

Players

A.I. 3 (Medium)

  • Race: Zerg Zerg
  • Spawn Location: 1:00

A.I. 2 (Medium)

  • Race: Terran Terran
  • Spawn Location: 1:00

wasp - Winner!

  • Race: Protoss Protoss
  • Spawn Location: 7:00

larsgj - Winner!

  • Race: Terran Terran
  • Spawn Location: 7:00

VOD

Have the link to the VOD?

Description

Time

  • Played on: Dec. 23, 2022, 4:50 p.m.
  • Length: 49:18
Show
View Real Time Build Order
Export as new Build Order

A.I. 3 (Medium) Zerg 

Build Orders: 1 Base Baneling Bust, Pool First 

Get SALT Encoding   

  12  0:01  Drone  
  13  0:12  Overlord  
  13  0:17  Drone  
  14  0:30  Drone  
  14  0:33  Drone  
  16  0:42  Spawning Pool  
  15  0:44  Drone  
  15  0:49  Drone  
  17  0:52  Extractor  
  17  0:55  Drone  
  17  1:06  Overlord  
  17  1:31  Queen, Zergling x2  
  20  1:36  Zergling x2  
  20  1:38  Drone, Roach Warren  
  21  1:44  Extractor  
  20  1:49  Drone  
  21  1:56  Baneling Nest  
  21  1:59  Drone  
  21  2:10  Drone  
  22  2:21  Zergling x2  
  23  2:32  Zergling x2  
  24  2:37  Overlord, Zergling x2  
  24  2:42  Zergling x2  
  26  2:47  Zergling x2  
  27  2:53  Baneling x3  
  27  2:54  Zergling x2  
  28  3:05  Zergling x2  
  29  3:09  Overlord  
  29  3:10  Zergling x2  
  30  3:15  Zergling x2  
  31  3:20  Baneling x2, Zergling x2  
  31  3:25  Baneling  
  32  3:27  Zergling x2  
  33  3:34  Evolution Chamber  
  33  3:38  Drone  
  33  3:42  Drone  
  33  3:45  Drone  
  33  3:48  Drone  
  36  3:51  Drone  
  37  4:01  Drone  
  37  4:11  Drone  
  37  4:13  Zergling x2  
  39  6:05  Roach, Overlord, Lair  
  39  6:07  Spore Crawler  
  39  6:10  Drone, Spore Crawler  
  40  6:14  Hatchery, Evolution Chamber, Drone  
  40  6:17  Drone  
  40  6:23  Roach, Drone, Overlord  
  43  6:26  Drone  
  44  6:35  Spine Crawler  
  44  6:36  Drone, Ravager  
  33  6:40  Zergling x2  
  33  6:53  Roach, Spine Crawler  
  34  6:55  Drone  
  35  7:02  Overseer  
  35  7:03  Queen, Overseer  
  35  7:06  Ravager  
  35  7:08  Spire, Roach  
  39  7:26  Queen, Drone  
  39  7:29  Drone  
  43  7:32  Drone  
  43  7:35  Drone  
  45  7:38  Drone  
  45  7:41  Drone  
  45  7:44  Drone  
  48  7:46  Drone  
  48  7:49  Drone  
  50  7:52  Drone, Hydralisk Den  
  50  7:55  Drone, Infestation Pit  
  50  7:58  Drone  
  50  8:01  Drone  
  50  8:04  Drone  
  53  8:06  Overlord  
  53  8:09  Drone  
  54  8:17  Drone  
  55  8:20  Drone  
  55  8:23  Hydralisk, Drone  
  55  8:26  Drone  
  60  8:29  Drone  
  61  8:36  Hydralisk  
  63  8:44  Overlord, Overseer  
  63  8:49  Hydralisk  
  65  9:02  Hydralisk  
  67  9:12  Extractor  
  67  9:13  Extractor, Drone  
  67  9:16  Drone  
  67  9:35  Drone, Overlord  
  67  9:37  Drone  
  69  9:40  Drone  
  69  9:43  Drone  
  71  9:46  Drone  
  71  9:49  Drone  
  73  10:19  Overlord, Hive, Corruptor  
  73  10:20  Pneumatized Carapace, Overseer  
  73  10:21  Zerg Ground Armor Level 1, Zerg Melee Weapons Level 1  
  75  10:31  Infestor  
  77  10:37  Overlord  
  77  10:44  Corruptor  
  79  10:56  Infestor  
  70  11:04  Burrow  
  62  11:09  Zergling x2  
  63  11:22  Hatchery  
  62  11:32  Ultralisk Cavern  
  61  11:34  Greater Spire  
  61  12:15  Zerg Missile Weapons Level 1  
  61  12:36  Drone, Queen  
  64  12:39  Drone  
  64  12:42  Drone  
  66  12:45  Drone  
  66  12:46  Corruptor, Brood Lord  
  66  12:47  Drone  
  66  12:50  Drone  
  73  12:53  Drone  
  73  12:55  Extractor  
  73  12:56  Drone  
  73  12:57  Spore Crawler  
  73  12:59  Drone, Spore Crawler, Corruptor, Brood Lord  
  73  13:01  Spire  
  73  13:02  Drone  
  73  13:03  Extractor  
  73  13:05  Drone  
  77  13:08  Drone  
  77  13:11  Drone  
  79  13:25  Spine Crawler  
  79  13:26  Spine Crawler  
  77  13:27  Drone  
  77  13:30  Drone  
  79  14:04  Roach  
  79  14:06  Overlord, Zerg Melee Weapons Level 2  
  79  14:08  Roach  
  79  14:09  Zerg Ground Armor Level 2  
  83  14:11  Roach  
  83  14:14  Hydralisk  
  87  14:19  Roach  
  87  14:22  Roach, Zerg Flyer Weapons Level 1  
  91  14:24  Overlord  
  91  14:26  Roach  
  91  14:29  Hydralisk  
  95  14:33  Roach  
  95  14:37  Roach  
  99  14:41  Roach  
  99  14:43  Overlord  
  99  14:44  Roach, Zerg Flyer Armor Level 1  
  103  14:48  Roach  
  103  14:51  Roach  
  98  14:55  Infestor  
  98  14:58  Infestor  
  102  15:02  Hydralisk  
  102  15:06  Hydralisk  
  106  15:10  Overlord, Zergling x2, Overseer  
  106  15:13  Overseer  
  99  15:28  Overlord, Infestor  
  99  15:30  Overseer  
  101  15:46  Infestor  
  101  15:47  Overlord  
  103  16:07  Overlord  
  103  16:17  Zerg Flyer Weapons Level 2  
  103  16:21  Zerg Missile Weapons Level 2  
  103  16:25  Zerg Melee Weapons Level 3  
  103  16:38  Zerg Flyer Armor Level 2  
  103  16:52  Hatchery  
  102  17:27  Overlord, Ultralisk  
  114  17:37  Ultralisk  
  114  17:45  Overlord  
  114  17:47  Ultralisk  
  120  17:57  Ultralisk  
  115  18:04  Overseer  
  85  18:05  Drone  
  85  18:06  Overlord x2  
  85  18:07  Queen, Zergling x2  
  89  18:18  Ultralisk  
  95  18:28  Ultralisk  
  95  18:30  Extractor  
  95  18:32  Drone  
  95  18:34  Spore Crawler  
  100  18:35  Drone  
  100  18:37  Hydralisk, Spore Crawler, Zerg Ground Armor Level 3  
  100  18:38  Drone  
  100  18:39  Extractor  
  102  18:41  Drone  
  102  18:47  Hydralisk  
  105  18:57  Hydralisk  
  105  19:02  Zerg Missile Weapons Level 3  
  107  19:04  Spine Crawler  
  107  19:06  Drone  
  107  19:07  Hydralisk  
  107  19:08  Spine Crawler  
  108  19:10  Drone  
  109  21:28  Zergling x2  
  109  21:31  Zergling x2  
  111  21:33  Baneling, Mutalisk  
  111  21:34  Overlord  
  111  21:35  Ultralisk, Mutalisk  
  111  21:36  Ultralisk  
  111  21:37  Hatchery  
  111  21:38  Zergling x2  
  106  21:41  Zergling x2, Metabolic Boost  
  106  21:43  Zergling x2, Overseer  
  106  21:44  Drone  
  106  21:45  Mutalisk  
  103  21:48  Mutalisk  
  103  21:50  Zergling x2  
  103  21:52  Drone, Viper  
  103  21:53  Overlord, Zergling x2  
  109  21:55  Drone, Zergling x2  
  109  21:58  Zergling x2  
  109  21:59  Drone  
  114  22:01  Zergling x2  
  114  22:02  Drone  
  114  22:03  Zergling x2  
  114  22:04  Drone  
  114  22:05  Hatchery, Mutalisk  
  114  22:07  Queen  
  114  22:08  Drone, Zergling x2  
  118  22:10  Drone, Mutalisk  
  118  22:12  Mutalisk  
  118  22:13  Overlord  
  118  22:14  Drone, Mutalisk  
  111  22:17  Drone, Mutalisk  
  111  22:19  Mutalisk  
  111  22:20  Drone  
  111  22:22  Mutalisk  
  110  22:23  Drone, Viper  
  110  22:24  Mutalisk  
  113  22:33  Roach, Overseer  
  113  22:34  Drone  
  112  22:38  Drone, Mutalisk  
  112  22:40  Mutalisk  
  112  22:41  Hatchery  
  112  22:43  Drone  
  109  22:44  Mutalisk  
  109  22:46  Hatchery  
  109  22:47  Drone, Mutalisk  
  109  22:48  Spire  
  109  22:49  Mutalisk  
  109  22:50  Drone  
  104  22:51  Mutalisk  
  104  22:52  Ultralisk Cavern  
  104  22:53  Drone  
  104  22:55  Zergling x2  
  104  22:57  Mutalisk  
  105  22:59  Mutalisk  
  105  23:02  Ultralisk, Viper  
  105  23:05  Mutalisk  
  107  23:09  Overlord  
  106  23:13  Hydralisk Den  
  101  23:20  Hatchery, Mutalisk  
  101  23:22  Infestation Pit, Mutalisk  
  101  23:25  Zergling x2  
  97  23:27  Mutalisk  
  97  23:28  Overlord  
  97  23:29  Extractor, Mutalisk  
  100  23:39  Mutalisk  
  100  23:40  Queen  
  96  23:43  Baneling x2, Zergling x2  
  96  23:50  Ultralisk x2  
  96  23:52  Drone  
  98  23:55  Drone, Queen  
  98  23:56  Overlord  
  98  23:57  Baneling  
  98  23:58  Baneling, Zergling x2  
  98  23:59  Drone  
  98  24:00  Mutalisk  
  102  24:05  Extractor  
  102  24:07  Drone  
  102  24:19  Hatchery x2, Overseer  
  102  24:20  Drone, Overlord  
  102  24:22  Baneling Nest  
  102  24:23  Drone  
  102  24:24  Spore Crawler  
  100  24:26  Drone, Spore Crawler  
  100  24:28  Evolution Chamber, Mutalisk  
  100  24:29  Drone  
  102  24:32  Drone  
  102  24:35  Drone  
  102  24:38  Drone, Mutalisk  
  103  24:41  Drone  
  103  24:44  Drone  
  102  24:49  Mutalisk  
  102  24:51  Spine Crawler  
  102  24:54  Spine Crawler  
  102  24:55  Roach  
  102  24:59  Hydralisk  
  103  25:02  Overlord  
  103  25:05  Roach  
  107  25:10  Roach  
  109  25:15  Roach  
  109  25:20  Hydralisk  
  109  25:21  Overlord  
  113  25:25  Hydralisk  
  101  25:31  Infestor  
  101  25:32  Overseer  
  101  25:36  Zergling x2  
  101  25:39  Queen, Drone  
  101  25:40  Overseer  
  101  25:42  Roach, Drone  
  108  25:45  Drone  
  108  25:47  Roach  
  111  25:50  Drone, Spore Crawler  
  111  25:52  Roach, Overlord, Extractor  
  111  25:53  Drone  
  111  25:56  Drone, Spore Crawler  
  113  25:57  Roach  
  113  25:59  Spore Crawler  
  113  26:00  Drone  
  113  26:02  Roach  
  113  26:03  Drone, Spore Crawler  
  117  26:05  Extractor  
  117  26:06  Drone  
  117  26:08  Roach  
  117  26:10  Roach, Drone, Overlord  
  120  26:11  Queen  
  120  26:12  Ultralisk  
  120  26:13  Hydralisk, Queen, Drone  
  120  26:17  Drone  
  120  26:18  Hydralisk  
  123  26:20  Drone  
  123  26:23  Hydralisk  
  123  26:25  Spine Crawler  
  123  26:26  Drone  
  123  26:29  Spine Crawler, Infestor  
  123  26:30  Overlord, Drone  
  123  26:32  Spine Crawler  
  125  26:34  Drone, Zergling x2  
  125  26:36  Spine Crawler  
  125  26:37  Drone  
  125  26:39  Roach, Spine Crawler  
  128  26:40  Drone  
  128  26:42  Viper  
  128  26:44  Roach  
  134  26:49  Roach, Overlord  
  134  26:51  Greater Spire  
  136  26:54  Infestor  
  136  26:59  Corruptor  
  134  27:31  Overseer  
  134  27:35  Overseer  
  116  28:05  Spire, Brood Lord  
  117  28:06  Drone  
  118  28:47  Ultralisk  
  124  28:49  Overlord  
  124  28:56  Ultralisk  
  130  29:06  Ultralisk  
  130  29:08  Overlord  
  136  29:15  Ultralisk  
  142  29:24  Ultralisk  
  142  29:26  Overlord  
  140  29:34  Ultralisk  
  129  29:43  Hydralisk  
  121  29:52  Hydralisk  
  108  29:53  Overseer  
  110  30:02  Zergling x2  
  107  30:10  Overseer  
  107  30:11  Hydralisk  
  109  30:20  Hydralisk  
  109  30:45  Queen  
  109  30:49  Spore Crawler  
  108  30:50  Hydralisk  
  108  30:54  Spore Crawler  
  108  30:55  Hatchery  
  104  31:00  Hydralisk  
  106  31:13  Ultralisk  
  102  31:22  Hydralisk  
  104  31:31  Hydralisk  
  102  31:41  Hydralisk  
  104  31:50  Zergling x2  
  104  31:52  Overlord  
  103  31:57  Zergling x2  
  103  32:01  Overseer  
  104  32:05  Roach  
  105  32:11  Mutalisk  
  105  32:13  Overlord  
  105  32:15  Hatchery  
  106  32:38  Overseer  
  106  32:39  Overlord  
  106  32:41  Roach, Hatchery  
  107  32:46  Roach  
  109  32:51  Roach  
  109  32:57  Roach  
  113  32:59  Overlord  
  113  33:01  Infestor  
  112  33:07  Roach  
  112  33:12  Roach  
  111  33:16  Drone  
  111  33:17  Roach, Overlord  
  111  33:18  Viper  
  114  33:22  Roach  
  116  33:27  Roach  
  116  33:32  Hydralisk  
  111  33:37  Hydralisk  
  111  33:39  Overlord  
  113  33:42  Infestor  
  113  33:48  Zergling x2  
  115  33:53  Hydralisk  
  117  33:58  Overlord  
  117  33:59  Roach  
  119  34:04  Hydralisk  
  119  34:05  Queen  
  119  34:09  Infestor  
  123  34:14  Hydralisk  
  125  34:17  Overlord  
  125  34:22  Mutalisk  
  127  34:35  Overlord  
  127  34:36  Hatchery  
  126  34:41  Spawning Pool  
  125  34:45  Hydralisk  
  125  34:48  Evolution Chamber  
  125  34:50  Hydralisk  
  105  34:56  Hydralisk  
  89  35:01  Infestor  
  89  35:06  Infestor  
  91  35:12  Hydralisk  
  77  35:17  Infestor  
  79  35:25  Mutalisk  
  81  35:29  Spore Crawler  
  81  35:30  Lair  
  81  35:32  Hydralisk  
  81  35:33  Roach Warren  
  81  35:39  Hydralisk  
  83  35:47  Mutalisk  
  85  35:50  Drone  
  85  35:51  Queen  
  85  35:54  Drone  
  89  35:57  Drone  
  89  36:00  Drone  
  89  36:02  Spore Crawler  
  89  36:03  Drone  
  91  36:09  Hydralisk  
  91  36:13  Hatchery  
  91  36:15  Roach  
  91  36:18  Spore Crawler  
  85  36:20  Hydralisk, Drone  
  85  36:22  Spore Crawler  
  85  36:24  Extractor, Drone  
  87  36:26  Roach  
  87  36:27  Drone  
  87  36:28  Extractor  
  87  36:30  Hydralisk, Drone, Hive, Overseer  
  90  36:36  Roach  
  83  36:41  Roach  
  71  36:47  Hydralisk  
  71  36:54  Infestor  
  73  36:58  Drone  
  73  37:01  Roach  
  78  37:07  Infestor  
  80  37:08  Drone  
  80  37:11  Drone  
  80  37:13  Spine Crawler, Infestor  
  80  37:14  Drone  
  84  37:18  Drone  
  84  37:20  Roach  
  84  37:21  Drone  
  84  37:22  Spine Crawler  
  87  37:24  Drone  
  87  37:27  Roach, Drone  
  91  37:30  Drone  
  91  37:34  Roach, Drone  
  91  37:37  Drone  
  94  37:39  Extractor  
  94  37:40  Roach  
  94  37:41  Drone, Viper, Overlord  
  94  37:43  Spore Crawler  
  95  37:45  Drone, Spore Crawler  
  95  37:47  Roach  
  95  37:49  Spore Crawler  
  95  37:53  Spore Crawler, Mutalisk  
  95  37:54  Drone  
  95  37:55  Extractor  
  94  37:59  Drone  
  94  38:00  Drone  
  94  38:03  Drone  
  94  38:05  Hatchery  
  90  38:06  Mutalisk  
  90  38:07  Drone  
  90  38:10  Drone  
  90  38:13  Drone  
  90  38:14  Zergling x2  
  90  38:19  Drone  
  86  38:20  Hatchery, Corruptor  
  86  38:22  Drone  
  86  38:25  Drone  
  88  38:27  Mutalisk  
  88  38:28  Drone  
  88  38:31  Drone  
  90  38:34  Mutalisk  
  90  38:35  Drone  
  90  38:38  Drone  
  90  38:41  Mutalisk  
  94  38:42  Drone  
  94  38:46  Drone  
  94  38:47  Mutalisk  
  100  38:53  Overlord  
  102  38:57  Drone  
  102  39:00  Drone, Mutalisk  
  94  39:03  Overseer  
  94  39:07  Mutalisk  
  87  39:13  Mutalisk  
  84  39:20  Corruptor  
  86  39:26  Corruptor  
  88  39:33  Mutalisk  
  88  39:36  Hatchery  
  89  39:39  Mutalisk  
  91  39:46  Extractor  
  90  39:58  Mutalisk  
  92  40:09  Viper  
  92  40:12  Hatchery  
  94  40:14  Drone  
  94  40:19  Drone  
  43  42:08  Hatchery  
  42  44:10  Overseer, Brood Lord  
  42  44:13  Zergling x2  
  44  44:56  Corruptor  
  22  45:50  Drone x9  
  18  46:57  Drone  
  6  47:08  Drone  
Show
View Real Time Build Order
Export as new Build Order

A.I. 2 (Medium) Terran 

Build Orders:  

Get SALT Encoding   

  12  0:01  SCV  
  13  0:13  SCV  
  14  0:19  Supply Depot  
  14  0:25  SCV  
  15  0:40  SCV  
  16  0:45  Barracks  
  16  0:50  Refinery  
  16  0:52  SCV  
  17  1:04  SCV  
  18  1:17  Supply Depot  
  18  1:31  Marine  
  19  1:34  Orbital Command, Barracks  
  19  1:42  Refinery  
  19  1:52  Marine  
  19  1:54  Factory  
  20  2:11  Barracks Tech Lab  
  20  2:20  Marine  
  21  2:23  Supply Depot  
  21  2:30  Marine  
  22  2:40  Marine  
  23  2:49  SCV  
  23  2:51  Hellion  
  26  3:01  Engineering Bay, SCV  
  27  3:12  Hellion  
  29  3:14  SCV, Supply Depot  
  30  3:26  SCV  
  31  3:34  Hellion  
  33  3:38  SCV  
  34  3:50  SCV  
  34  3:55  Hellion  
  37  5:19  Barracks Tech Lab  
  37  5:20  SCV, Marauder  
  40  5:23  Factory Tech Lab, Factory  
  40  5:26  Supply Depot  
  40  5:29  Missile Turret  
  40  5:30  Missile Turret  
  40  5:33  Sensor Tower  
  40  5:37  Barracks  
  40  5:39  Armory  
  40  5:41  Marine  
  41  5:49  Marauder  
  43  5:53  Starport  
  43  5:55  Supply Depot  
  36  6:01  Bunker, Command Center  
  36  6:02  Siege Tank  
  33  6:07  Factory Tech Lab  
  33  6:14  Marine  
  34  6:24  Barracks Reactor  
  34  6:27  Marine  
  34  6:30  Starport Tech Lab  
  35  6:40  Marine  
  36  6:53  Marine  
  39  6:57  Raven  
  39  7:06  Marine  
  40  7:13  SCV  
  41  7:16  SCV  
  41  7:18  Missile Turret  
  41  7:19  Siege Tank  
  45  7:23  Missile Turret  
  45  7:25  Refinery  
  45  7:26  SCV  
  45  7:28  SCV, Refinery  
  47  7:32  Widow Mine  
  51  7:38  SCV  
  51  7:40  Raven  
  51  7:41  SCV  
  51  7:42  Bunker  
  53  7:50  SCV  
  56  7:51  Widow Mine  
  56  7:53  SCV  
  57  8:02  SCV  
  57  8:05  SCV  
  59  8:14  SCV  
  59  8:17  SCV  
  61  8:26  SCV  
  62  8:29  SCV  
  63  8:38  SCV  
  64  8:41  SCV  
  65  8:50  SCV  
  65  8:53  SCV  
  68  9:02  SCV  
  68  9:05  SCV  
  68  9:09  Supply Depot  
  69  9:14  SCV  
  70  9:17  SCV  
  71  9:27  SCV  
  71  9:29  SCV  
  73  9:56  Thor, Medivac  
  73  9:57  Stimpack, Combat Shield  
  73  9:58  Terran Infantry Weapons Level 1  
  81  10:01  Starport  
  81  10:04  Supply Depot  
  81  10:08  Ghost Academy  
  81  10:10  Fusion Core  
  81  10:15  Engineering Bay  
  81  10:18  Armory  
  81  10:21  Siege Tank  
  81  10:26  Medivac  
  81  10:27  Supply Depot  
  86  10:37  Starport Reactor  
  86  10:39  Thor  
  86  10:41  Terran Infantry Armor Level 1  
  84  10:44  Marine  
  71  10:54  Marine  
  72  11:04  Marine, Command Center  
  72  11:05  Raven  
  73  11:14  Marine  
  74  11:24  Marine  
  75  11:34  Marine  
  78  11:44  Siege Tank  
  81  11:48  Raven  
  81  11:55  Widow Mine  
  83  12:16  Siege Tank  
  83  12:17  SCV  
  83  12:20  SCV, Refinery  
  83  12:21  Widow Mine  
  92  12:23  SCV  
  92  12:29  SCV  
  94  12:31  Raven  
  94  12:32  SCV  
  94  12:36  Missile Turret  
  95  12:38  Missile Turret  
  95  12:39  Refinery  
  95  13:00  Bunker  
  95  14:12  Battlecruiser, Terran Ship Weapons Level 1  
  95  14:13  Hi-Sec Auto Tracking, Terran Vehicle And Ship Armor Level 1  
  95  14:14  Supply Depot  
  101  14:25  Viking  
  101  14:29  Terran Infantry Weapons Level 2  
  103  14:38  Supply Depot  
  103  14:39  Viking  
  70  15:09  Terran Infantry Armor Level 2  
  68  15:15  Medivac  
  68  15:16  Battlecruiser  
  76  15:23  Medivac  
  76  15:40  Weapon Refit  
  74  16:09  Terran Vehicle And Ship Armor Level 2  
  74  16:10  Terran Ship Weapons Level 2  
  76  16:29  Raven  
  76  16:30  Command Center  
  78  17:12  Raven  
  78  17:45  Banshee  
  81  17:52  Liberator  
  84  18:00  Viking, Refinery  
  84  18:03  Missile Turret  
  86  18:06  Missile Turret  
  86  18:08  Refinery  
  86  18:27  Bunker, Terran Vehicle And Ship Armor Level 3, Terran Ship Weapons Level 3  
  86  18:28  Banshee  
  86  18:31  Liberator  
  92  18:39  Viking  
  70  19:09  Medivac  
  72  19:11  Viking  
  72  19:14  Medivac  
  76  19:39  Viking  
  76  19:44  Viking  
  82  19:50  Raven  
  82  20:24  Banshee  
  82  20:26  Hyperflight Rotors  
  85  20:40  Command Center  
  87  21:16  Raven  
  87  21:27  Marine  
  87  21:30  Marine, Terran Infantry Weapons Level 3  
  87  21:31  Terran Infantry Armor Level 3  
  87  21:32  Terran Vehicle Weapons Level 1, Supply Depot  
  89  21:33  Marine  
  89  21:36  Marine  
  83  21:45  Marine  
  76  21:48  Marine  
  76  21:51  Marine  
  80  21:54  Marine  
  80  21:55  Refinery  
  80  21:58  Raven  
  81  22:03  Marauder  
  81  22:06  Marauder  
  84  22:09  Marine  
  84  22:12  Marine, SCV  
  77  22:17  SCV  
  77  22:21  Medivac, Missile Turret  
  72  22:23  Missile Turret  
  72  22:25  Marauder, Concussive Shells, Refinery  
  72  22:27  Marine x2  
  76  22:30  Marine  
  79  22:41  Raven  
  79  22:44  Bunker, Marine  
  79  22:45  Marauder, Marine  
  79  22:48  Marine  
  84  23:02  Marine  
  84  23:03  Marine  
  86  23:06  Marine x2  
  88  23:20  Marine  
  88  23:21  Marine  
  88  23:24  Marine  
  88  23:25  Marauder  
  88  23:26  Terran Vehicle Weapons Level 2  
  93  23:38  Marine  
  93  23:39  Marine  
  95  23:41  Marine  
  95  23:45  Marine  
  97  23:56  Ghost  
  98  24:03  Marine  
  98  24:04  Marauder  
  98  24:06  Marine  
  81  24:20  Marine  
  81  24:23  Marine  
  83  24:25  Marine x2  
  85  24:33  Raven  
  85  24:35  Starport  
  84  24:38  Marine  
  84  24:41  Marine  
  84  24:42  Marine  
  84  24:43  Marine  
  88  24:56  Marine  
  88  24:59  Marine, Siege Tank  
  93  25:04  Siege Tank  
  96  25:11  Marine  
  97  25:16  Marine  
  97  25:21  Marine  
  99  25:26  Marine  
  100  25:31  Marauder  
  102  25:35  Command Center  
  102  25:36  Ghost  
  102  25:42  Hellion  
  103  25:46  Siege Tank  
  106  26:03  Siege Tank  
  109  26:19  Hellion  
  111  26:35  Siege Tank  
  114  26:40  Siege Tank  
  117  26:50  Missile Turret  
  117  26:53  Missile Turret  
  117  26:56  Refinery  
  117  26:59  Missile Turret  
  117  27:00  Refinery  
  117  27:07  Siege Tank  
  120  27:12  Thor  
  120  27:14  Bunker  
  126  27:39  Siege Tank  
  129  29:00  Marine  
  130  29:03  Marine  
  130  29:06  Marine  
  130  29:09  Marine  
  133  29:18  Marine, Cyclone  
  133  29:21  Marine  
  133  29:24  Marine  
  139  29:27  Marine  
  140  29:36  Marine  
  132  29:38  Marine  
  132  29:41  Marine  
  132  29:44  Marine  
  124  29:49  Medivac  
  121  29:53  Marine  
  121  29:56  Marine  
  121  29:59  Marine  
  107  30:02  Marine  
  105  30:11  Marine  
  104  30:14  Marine  
  104  30:17  Marine  
  104  30:20  Marine  
  107  30:29  Marine  
  107  30:32  Marine  
  107  30:35  Marine  
  110  30:49  Siege Tank  
  110  31:06  Siege Tank  
  110  31:16  Command Center  
  110  31:17  Raven  
  108  31:24  Marauder  
  102  31:27  Marauder  
  96  31:45  Marauder  
  98  31:48  Marauder  
  102  32:00  Raven  
  102  32:06  Marauder  
  102  32:07  Siege Tank  
  101  32:09  Marauder  
  101  32:10  Marine  
  101  32:13  Marine  
  95  32:18  Cyclone  
  90  32:27  Marine  
  90  32:28  Marine  
  92  32:30  Marine  
  92  32:31  Marine  
  96  32:39  Hellion  
  96  32:43  Raven  
  95  32:48  Refinery  
  95  32:50  Marine, Siege Tank  
  99  32:54  Missile Turret  
  99  32:55  Marine, Missile Turret  
  99  32:56  Refinery  
  100  33:00  Marine  
  100  33:05  Marine  
  102  33:10  Marine  
  103  33:15  Marine  
  103  33:18  Bunker  
  104  33:20  Marine  
  104  33:25  Marine  
  106  33:30  Marine  
  107  33:35  Marine  
  107  33:41  Siege Tank  
  111  33:46  Siege Tank  
  114  34:12  Thor  
  120  34:18  Hellion  
  111  34:32  Marine, Medivac  
  111  34:33  Medivac  
  111  34:37  Marine  
  100  34:42  SCV, Marine  
  95  34:48  Marine  
  94  34:53  Marine  
  94  34:55  SCV  
  94  34:58  Marine  
  94  35:00  SCV  
  90  35:13  Marine  
  87  35:16  SCV, Armory  
  87  35:18  Marine  
  87  35:19  SCV  
  83  35:24  Siege Tank  
  86  35:31  SCV  
  86  35:34  SCV  
  84  35:38  SCV  
  82  35:48  Missile Turret  
  78  35:53  SCV  
  78  35:56  SCV  
  72  35:59  SCV  
  68  36:27  Supply Depot  
  68  36:37  Supply Depot  
  68  36:50  Barracks  
  68  36:57  Barracks  
  65  37:36  Marine, Supply Depot  
  66  37:40  Orbital Command, Barracks  
  66  37:54  Marine  
  67  38:00  Ghost Academy  
  67  38:11  Factory  
  67  38:12  Marine  
  68  38:24  Supply Depot  
  68  38:29  Marine  
  68  38:30  Marine  
  70  38:40  Barracks  
  70  38:48  Marine  
  71  38:49  Marine  
  71  38:54  Engineering Bay  
  71  38:55  Hellion, Factory  
  74  39:05  Marine  
  74  39:07  Marine, Supply Depot  
  76  39:19  Starport, Factory Tech Lab  
  76  39:23  Marine  
  77  39:25  Marine, Armory  
  77  39:28  Marine  
  79  39:37  Engineering Bay, Siege Tank  
  82  39:42  Factory Tech Lab, Barracks Reactor, Supply Depot  
  82  39:48  Armory  
  82  39:55  Viking  
  84  40:01  Starport, Siege Tank  
  81  40:07  Fusion Core  
  81  40:08  Barracks Tech Lab  
  81  40:10  Siege Tank  
  81  40:11  SCV  
  81  40:14  SCV  
  70  40:17  SCV  
  70  40:19  Supply Depot  
  65  40:23  SCV  
  65  40:25  Viking  
  65  40:26  SCV  
  69  40:29  SCV  
  69  40:30  Barracks Tech Lab  
  69  40:33  Thor  
  69  40:35  SCV  
  73  40:37  Medivac  
  73  40:38  SCV  
  73  40:42  Hellion  
  68  40:43  Sensor Tower  
  68  40:47  SCV  
  63  40:55  Viking  
  66  40:59  SCV  
  66  41:03  Hellion  
  68  41:07  Medivac  
  68  41:10  Infernal Pre-Igniter  
  66  41:11  SCV  
  66  41:16  Marine, Command Center, Siege Tank  
  57  41:19  Supply Depot  
  57  41:22  Marine  
  57  41:23  SCV  
  57  41:28  Marine  
  58  41:33  Marine  
  58  41:36  SCV  
  58  41:39  Marine  
  58  41:41  Bunker, Starport Tech Lab  
  58  41:45  Marine  
  58  41:46  Supply Depot  
  58  41:47  Starport Reactor  
  59  41:48  SCV  
  59  41:51  Marine  
  61  41:56  Starport Tech Lab  
  61  41:57  Marine  
  61  42:00  SCV  
  55  42:03  Marine  
  45  42:12  SCV  
  45  42:14  Marine  
  34  42:20  Marine  
  27  42:24  SCV  
  27  42:27  Refinery  
  27  42:28  SCV  
  27  42:29  Medivac  
  16  42:30  Refinery  
  19  42:40  SCV, Missile Turret  
  19  42:44  Medivac  
  19  42:45  Missile Turret  
  15  42:52  SCV  
  7  43:23  Barracks  
  7  43:38  SCV  
  7  43:50  SCV  
  8  44:02  SCV  
  8  44:05  Supply Depot  
  8  44:14  SCV  
  8  44:27  SCV  
  8  44:28  Command Center  
  8  45:03  Supply Depot  
  7  45:20  SCV  
  8  45:27  Supply Depot  
  7  45:32  SCV  
  8  45:44  SCV  
  9  45:51  Supply Depot  
  8  46:06  Refinery  
  8  46:29  SCV, Supply Depot  
  8  46:32  Refinery  
  8  46:46  SCV  
  9  46:49  SCV  
  10  46:54  Supply Depot  
  10  46:58  SCV  
  10  47:01  SCV  
  11  47:10  SCV  
  12  47:31  SCV  
  12  47:46  SCV  
  12  47:49  SCV  
  11  47:55  Supply Depot  
  9  47:58  SCV  
  9  48:16  Command Center  
  7  48:32  SCV  
  8  48:36  Supply Depot  
  7  48:44  SCV  
  8  48:50  Supply Depot  
Show
View Real Time Build Order
Export as new Build Order

wasp Protoss - Winner!

Build Orders: Carriers 

Get SALT Encoding   

  12  0:05  Probe  
  13  0:17  Probe  
  14  0:29  Probe  
  15  1:05  Pylon  
  15  1:15  Pylon  
  15  1:23  Probe  
  16  1:28  Pylon  
  16  1:32  Pylon  
  16  2:30  Assimilator  
  16  2:34  Assimilator  
  16  2:40  Gateway  
  16  2:45  Gateway  
  16  3:13  Forge  
  16  3:31  Zealot  
  18  3:36  Zealot  
  20  3:58  Zealot  
  22  4:03  Zealot  
  22  4:05  Probe  
  26  4:17  Probe  
  26  4:25  Cybernetics Core, Zealot  
  26  4:29  Probe  
  26  4:30  Zealot  
  31  4:41  Probe  
  32  4:53  Probe, Zealot  
  32  4:57  Zealot  
  37  5:00  Pylon  
  37  5:03  Pylon  
  37  5:07  Pylon  
  37  5:11  Pylon  
  37  5:14  Pylon  
  37  5:20  Pylon, Zealot  
  39  5:25  Zealot  
  39  5:28  Pylon  
  41  5:31  Pylon  
  41  5:34  Pylon  
  41  5:43  Pylon  
  41  5:47  Zealot  
  43  5:52  Zealot  
  45  6:14  Zealot  
  47  6:19  Zealot  
  49  6:41  Stalker  
  49  6:46  Stalker  
  53  7:01  Nexus  
  53  7:06  Probe  
  54  7:11  Stalker  
  56  7:16  Stalker  
  56  7:18  Probe  
  59  7:30  Probe  
  60  7:41  Stalker  
  60  7:43  Probe  
  63  7:47  Protoss Ground Weapons Level 1  
  63  8:14  Probe  
  64  8:26  Probe  
  65  8:38  Probe  
  66  8:49  Stargate  
  66  8:50  Probe  
  67  8:58  Stargate  
  67  9:02  Probe  
  68  9:55  Protoss Ground Armor Level 1  
  68  10:05  Fleet Beacon  
  48  11:28  Carrier x2  
  60  11:46  Zealot x2  
  64  12:04  Protoss Shields Level 1  
  64  12:13  Zealot x2  
  68  12:23  Pylon  
  68  12:27  Pylon  
  68  12:29  Pylon  
  68  12:32  Pylon, Carrier x2  
  80  12:37  Pylon  
  80  12:39  Pylon  
  80  12:40  Zealot x2  
  80  12:41  Pylon  
  80  12:43  Pylon  
  84  12:45  Pylon  
  84  12:50  Pylon  
  84  12:55  Pylon  
  84  12:57  Pylon  
  84  13:00  Pylon  
  84  13:02  Pylon  
  84  13:07  Pylon, Zealot  
  84  13:08  Zealot  
  88  13:34  Zealot  
  88  13:35  Zealot  
  88  13:36  Carrier  
  98  14:10  Carrier  
  104  14:40  Carrier  
  110  15:14  Carrier  
  116  15:44  Carrier  
  122  17:22  Carrier x2  
  134  18:26  Carrier x2  
  146  18:28  Assimilator  
  146  18:32  Assimilator  
  146  19:23  Probe  
  147  19:35  Probe  
  148  19:47  Probe  
  149  19:59  Probe  
  150  20:11  Probe  
  151  20:20  Carrier x2  
  85  25:09  Carrier  
  97  25:31  Carrier  
  95  26:13  Carrier  
  65  26:35  Carrier  
  71  27:17  Carrier  
  77  27:39  Carrier  
  83  28:22  Carrier  
  89  28:43  Carrier  
  95  29:26  Carrier  
  101  29:47  Carrier  
  53  33:56  Carrier x2  
  65  35:00  Carrier  
  35  38:42  Zealot  
  36  44:02  Tempest  
  41  44:17  Tempest  
  46  44:45  Tempest  
  51  44:59  Tempest  
  56  45:28  Tempest  
Show
View Real Time Build Order
Export as new Build Order

larsgj Terran - Winner!

Build Orders:  

Get SALT Encoding   

  12  0:00  SCV  
  13  0:18  Supply Depot  
  13  0:45  Barracks  
  13  0:57  SCV  
  14  1:09  SCV  
  15  1:20  Supply Depot  
  15  1:21  SCV  
  15  1:25  Refinery  
  16  1:27  Refinery  
  16  1:33  SCV, Marine  
  18  1:45  SCV, Supply Depot  
  19  1:51  Marine, Supply Depot  
  20  2:15  Supply Depot  
  20  2:18  SCV  
  21  2:25  Engineering Bay  
  21  2:28  Marine  
  22  2:35  SCV  
  23  2:46  Marine  
  23  2:47  SCV  
  23  2:49  Bunker  
  25  2:59  SCV  
  25  3:04  Marine  
  27  3:11  Terran Infantry Weapons Level 1, SCV  
  28  3:23  SCV  
  28  3:26  Barracks  
  29  3:35  SCV  
  30  3:44  Bunker  
  30  4:17  Marine  
  30  4:23  Barracks Tech Lab  
  31  4:34  Marine  
  31  4:37  SCV  
  33  4:47  Bunker  
  33  4:49  SCV  
  33  4:52  Marine  
  34  4:56  Missile Turret  
  35  5:01  SCV  
  35  5:05  Terran Infantry Armor Level 1  
  36  5:10  Marine  
  37  5:16  Missile Turret  
  37  5:19  Command Center  
  37  5:28  Marine  
  38  5:38  Combat Shield  
  38  5:41  Marauder  
  40  6:02  Marauder  
  42  6:23  Marauder  
  44  6:27  Missile Turret  
  40  6:47  Missile Turret  
  40  6:51  Bunker  
  40  6:59  Hi-Sec Auto Tracking  
  40  7:08  Missile Turret  
  40  7:20  Marine  
  40  7:21  Marine  
  42  7:22  Bunker  
  42  7:38  Marine x2  
  44  7:52  SCV  
  44  7:55  Bunker  
  44  7:56  Marine x2, Neosteel Armor, Refinery  
  47  8:04  SCV  
  48  8:08  Factory  
  48  8:14  Marine  
  48  8:15  Marauder  
  48  8:17  SCV  
  52  8:29  SCV  
  52  8:32  Marine  
  54  8:36  Marauder  
  54  8:41  SCV  
  57  9:06  Marine x2  
  59  9:24  Marine x2  
  59  9:26  Armory  
  61  9:36  Orbital Command  
  61  9:39  Orbital Command  
  61  9:42  Marine x2  
  63  9:47  Supply Depot  
  63  10:00  Marine x2  
  65  10:10  Supply Depot  
  65  10:16  Terran Infantry Weapons Level 2  
  65  10:18  Marine  
  67  10:33  Supply Depot  
  67  10:39  Marine  
  63  10:56  Supply Depot  
  63  11:20  Supply Depot  
  63  11:32  Starport  
  63  11:38  Starport  
  63  11:43  SCV, Supply Depot  
  63  11:45  Starport  
  64  11:55  SCV  
  65  12:06  Supply Depot  
  65  12:07  SCV  
  66  12:10  Barracks  
  66  12:13  Marine  
  68  12:19  Barracks Reactor  
  67  12:28  Supply Depot  
  67  12:31  Marine  
  67  12:32  Terran Infantry Armor Level 2  
  68  12:48  Marine  
  69  12:51  Supply Depot  
  69  12:57  Barracks Reactor  
  69  13:05  Refinery  
  69  13:06  Marine  
  70  13:14  Supply Depot  
  70  13:24  Marine  
  71  13:32  Terran Vehicle And Ship Armor Level 1  
  71  13:37  Supply Depot  
  71  13:42  Marine  
  71  13:48  Marine  
  72  13:49  Marine x3  
  76  13:59  Supply Depot  
  76  14:00  Marine  
  77  14:06  Marine x4  
  77  14:07  Medivac x2  
  85  14:18  Marine  
  85  14:22  Supply Depot  
  85  14:24  Marine x4  
  90  14:35  Marine  
  90  14:37  Medivac x2  
  95  14:38  Command Center  
  95  14:42  Marine x4  
  99  14:47  Supply Depot  
  99  14:48  Terran Infantry Weapons Level 3, Missile Turret  
  97  14:53  Marine  
  92  15:07  Medivac x2  
  92  15:11  Supply Depot  
  95  15:21  Marine x5  
  100  15:34  Supply Depot  
  100  15:37  Medivac  
  100  15:38  Marine  
  100  15:39  Marine x4  
  107  15:56  Marine  
  108  16:15  Marine  
  108  16:16  Marine x4  
  113  16:24  SCV  
  113  16:25  Refinery  
  114  16:33  Marine  
  114  16:34  Marine x4  
  119  16:41  SCV  
  120  16:50  Refinery  
  120  16:51  Marine  
  120  16:52  Marine x4  
  120  16:53  SCV  
  126  17:05  SCV  
  127  17:09  Marine x3  
  130  17:17  SCV  
  130  17:22  Terran Vehicle And Ship Armor Level 2  
  131  17:25  Terran Infantry Armor Level 3  
  131  17:29  Marine x3  
  133  17:35  Orbital Command  
  134  17:46  Marine  
  134  17:47  Marine  
  134  17:48  Marine  
  134  17:49  Marine x2  
  138  18:04  Marine x2  
  136  18:06  Marine x2  
  136  18:07  Marine  
  139  18:22  Marine x2  
  139  18:24  Marine x2  
  139  18:25  Marine  
  144  18:40  Marine x2  
  144  18:42  Marine x2  
  144  18:43  Marine  
  139  18:57  Marine  
  139  18:58  Marine  
  140  19:07  Command Center  
  140  19:13  Marine  
  140  19:14  Marine x2  
  140  19:15  Marine  
  140  19:16  Marine  
  145  19:31  Marine  
  145  19:32  Marine x2  
  145  19:33  Marine  
  145  19:34  Marine  
  150  19:49  Marine  
  150  19:50  Marine x2  
  150  19:51  Marine x2  
  155  19:56  Medivac x2  
  159  20:04  Terran Vehicle And Ship Armor Level 3  
  159  20:07  Marine x2  
  161  20:31  Missile Turret  
  161  20:52  Missile Turret  
  161  21:12  Missile Turret  
  161  21:35  Missile Turret  
  124  21:49  Marine x5  
  116  22:07  Marine x5  
  111  22:24  Marine  
  111  22:25  Marine x4  
  111  22:29  Starport Tech Lab x2  
  101  22:42  SCV, Marine  
  101  22:43  Marine x4  
  107  22:54  SCV  
  108  23:01  Marine  
  109  23:06  Fusion Core, SCV  
  110  23:18  SCV  
  111  23:45  Orbital Command  
  111  24:17  Battlecruiser x2  
  107  25:21  Battlecruiser x2  
  111  26:25  Battlecruiser  
  111  26:26  Battlecruiser  
  123  26:48  Bunker  
  123  26:50  Command Center  
  107  27:30  Battlecruiser x2  
  113  28:22  Refinery  
  113  28:25  Refinery  
  113  28:26  Orbital Command  
  119  28:34  Battlecruiser x2  
  125  29:09  Starport  
  127  29:38  Battlecruiser x2  
  112  30:08  Starport Tech Lab  
  118  30:43  Battlecruiser  
  117  31:04  Battlecruiser  
  122  31:47  Battlecruiser  
  122  31:51  Weapon Refit  
  122  31:53  Terran Ship Weapons Level 1  
  128  32:30  Battlecruiser  
  134  32:51  Battlecruiser  
  133  33:34  Battlecruiser  
  145  33:55  Battlecruiser  
  145  34:38  Battlecruiser  
  151  35:00  Battlecruiser  
  151  35:42  Battlecruiser  
Tags
 
Add a new tag
Caveats
  • Supply blocks, unpowered buildings, or Contaminate may cause inaccurate times.
  • Supply counts are checked every 10 seconds.